 Dungeon Crawl Stone Soup version 0.31-a0-344-gd109795599 (webtiles) character file.

Game seed: 14867370850308889609

1438 LeprechaunX the Ruffian (level 8, -4/81 HPs)
             Began as an Octopode Shapeshifter on July 22, 2023.
             Slain by a gnoll sergeant
             ... wielding a +2 spear of venom
              (11 damage)
             ... on level 5 of the Dungeon.
             The game lasted 00:08:08 (4745 turns).

LeprechaunX the Ruffian (Octopode Shapeshifter)     Turns: 4745, Time: 00:08:09

Health: -4/81      AC: 24    Str: 16    XL:     8   Next: 74%
Magic:  8/8        EV:  2    Int: 11    God:
Gold:   236        SH:  0    Dex: 12    Spells: 7/7 levels left

rFire   . .          .
                       - Unarmed
rCold   . . .        (no shield)
rNeg    . . .        (helmet currently unavailable)
rPois   +            p - amulet of magic regeneration
rElec   .            i - ring of wizardry
rCorr   .            (no ring)
SInv    .            (no ring)
Will    .....        (no ring)
Stlth   +            (no ring)
HPRegen 0.33/turn    (no ring)
MPRegen 0.51/turn    (no ring)
                     (no ring)

%: wizardry (x1)
@: tree-form
A: stationary, stasis, torment immunity, boosted hp, almost no armour,
(amphibious), 8 rings, (camouflage 1), (gelatinous body 1), (nimble swimmer 1),
(tentacles)
a: no special abilities


You were on level 5 of the Dungeon.
You were a tree.
You visited 1 branch of the dungeon, and saw 5 of its levels.

You collected 236 gold pieces.

Inventory:

Hand Weapons
 a - a +2 sling of electrocution
Missiles
 n - 8 poisoned darts (quivered)
 w - 5 throwing nets
Jewellery
 i - a ring of wizardry (left branch)
 p - an amulet of magic regeneration (around neck)
 z - the ring of the Black Skies {MP+9 EV+5 Int+2}
   (You found it on level 5 of the Dungeon)

   [ring of evasion]

   EV:        It affects your evasion (+5).
   Int:       It affects your intelligence (+2).
   MP:        It affects your magic capacity (+9).
Talismans
 b - a beast talisman
 u - a talisman of death
 v - a serpent talisman
Wands
 x - a wand of flame (16)
Scrolls
 c - a scroll of torment {unknown}
 d - 3 scrolls of identify {unknown}
 e - a scroll of amnesia {unknown}
 f - a scroll of acquirement {unknown}
 g - a scroll of revelation {unknown}
 j - 2 scrolls of fear {unknown}
 o - a scroll of blinking {unknown}
 t - a scroll of fog {unknown}
 y - a scroll of teleportation {unknown}
 A - a scroll of noise {unknown}
Potions
 h - 2 potions of heal wounds {unknown}
 k - 2 potions of curing
 l - a potion of mutation {unknown}
 m - 2 potions of degeneration {unknown}
 q - 2 potions of lignification
 r - a potion of might {unknown}
 s - a potion of cancellation {unknown}


   Skills:
 - Level 4.0 Fighting
 + Level 3.2 Ranged Weapons
 + Level 4.8 Dodging
 + Level 6.5 Unarmed Combat
 * Level 5.3 Shapeshifting


You had 7 spell levels left.
You didn't know any spells.
Your spell library contained the following spells:

 Spells                   Type           Power      Damage    Failure   Level
 Call Imp                 Summ           0%         N/A       21%         2
 Summon Forest            Summ/Tloc      0%         N/A       98%         5
 Summon Horrible Things   Summ           0%         N/A       100%        8


Dungeon Overview and Level Annotations

Branches:
Dungeon (5/15)
 Temple: D:4-7

Altars:
Dithmenos
Makhleb
Okawaru
Trog
Wu Jian
The Shining One

Annotations:
D:3 1 runed translucent door, garrulousMonolith's ghost, amateur OpSh


Innate Abilities, Weirdness & Mutations

You are a tree.
Your roots penetrate the ground, keeping you stationary.
You cannot be teleported.
You are immune to unholy pain and torment.
Your maximum health is greatly increased.
You cannot wear most types of armour.
((You are amphibious.))
You can wear up to eight rings at the same time.
((Your skin changes colour to match your surroundings (Stealth+).))
((Your rubbery body absorbs attacks. (AC +1, EV +1)))
((You are camouflaged when in or above water. (Stealth+)))
((You have tentacles for arms and can constrict up to eight enemies at once.))


Message History

The gnoll sergeant is severely wounded.
You feel very sick.
You hit the gnoll sergeant.
The gnoll sergeant is almost dead.
You feel sick.
The gnoll sergeant hits you but does no damage.
You barely miss the gnoll sergeant.
The gnoll sergeant is almost dead.
You feel sick.
The gnoll sergeant hits you but does no damage.
You barely miss the gnoll sergeant.
The gnoll sergeant is almost dead.
You feel sick.
The gnoll sergeant hits you with a +2 spear of venom.
* * * LOW HITPOINT WARNING * * *
You are lethally poisoned!
You barely miss the gnoll sergeant.
The gnoll sergeant is almost dead.
* * * LOW HITPOINT WARNING * * *
You feel very sick.
The gnoll sergeant hits you with a +2 spear of venom.
* * * LOW HITPOINT WARNING * * *
The gnoll sergeant blocks your attack.
The gnoll sergeant is almost dead.
* * * LOW HITPOINT WARNING * * *
You feel sick.
The gnoll sergeant hits you with a +2 spear of venom.
* * * LOW HITPOINT WARNING * * *
You barely miss the gnoll sergeant.
The gnoll sergeant is almost dead.
* * * LOW HITPOINT WARNING * * *
You feel very sick.
The gnoll sergeant hits you but does no damage.
It was a potion of curing.
You feel better.
The gnoll sergeant hits you with a +2 spear of venom.
* * * LOW HITPOINT WARNING * * *
You hit the gnoll sergeant but do no damage.
The gnoll sergeant is almost dead.
The gnoll sergeant hits you with a +2 spear of venom!
You die...

..####..≈..........#.............
..'..##.≈.#........#.............
..'..##.≈.#.............#........
)(####..≈.#.............#........
...##..)≈.#....##.........#......
#.....)≈≈.#...####........#.)....
##.÷..≈≈..#[.##..##......####...#
##.÷..≈......##.g##.....#####...#
#....(≈...##..#'♣#....### #......
.....(≈...##........### ##.....
.....≈≈...######....# ####..
≈≈≈≈≈≈....# ##..## ##.
...))....## #### #. ########## ##


You could see a gnoll sergeant.

Vanquished Creatures
  Menkaure (D:4)
  3 phantoms
  A bullfrog (D:4)
  2 gnoll sergeants (D:5)
  A scorpion (D:5)
  An orc priest (D:5)
  3 gnoll boudas (D:5)
  7 hounds
  3 iguanas
  Terence (D:2)
  7 adders
  25 gnolls
  4 worms
  10 orcs
  10 ball pythons
  5 endoplasms
  2 giant cockroaches
  7 goblins
  6 hobgoblins
  8 jackals
  A quokka (D:1)
  6 bats
  5 frilled lizards
  6 kobolds
  2 rats
127 creatures vanquished.

Notes
Turn   | Place    | Note
-------+----------+-------------------------------------------
     0 | D:1      | LeprechaunX the Octopode Shapeshifter began the quest for
                  | the Orb.
     0 | D:1      | Reached XP level 1. HP: 13/13 MP: 1/1
   183 | D:1      | Reached XP level 2. HP: 5/18 MP: 2/2
   817 | D:2      | Reached XP level 3. HP: 23/23 MP: 3/3
   862 | D:2      | Noticed Terence
   872 | D:2      | Killed Terence
  1073 | D:2      | Reached XP level 4. HP: 29/29 MP: 4/4
  1501 | D:3      | Reached skill level 4 in Unarmed Combat
  1599 | D:3      | Reached XP level 5. HP: 34/34 MP: 5/5
  1916 | D:3      | Found an iron altar of Okawaru.
  1991 | D:3      | Found a runed translucent door.
  1996 | D:3      | Noticed garrulousMonolith's ghost (amateur OpSh)
  2068 | D:3      | Noticed a phantom
  2079 | D:3      | Found a faded altar of an unknown god.
  2083 | D:3      | HP: 1/35 [phantom (8)]
  2085 | D:3      | Killed a phantom
  2086 | D:3      | Reached XP level 6. HP: 2/41 MP: 6/6
  2487 | D:3      | Found a bloodstained altar of Trog.
  2724 | D:4      | Found an ornate altar of the Wu Jian Council.
  2790 | D:4      | Found a glowing golden altar of the Shining One.
  2793 | D:4      | Found a burning altar of Makhleb.
  2798 | D:4      | Found a shadowy altar of Dithmenos.
  2847 | D:4      | Got Qibevy Mone's Parchment of Attendants
  2936 | D:4      | Reached skill level 5 in Unarmed Combat
  2999 | D:4      | Noticed Menkaure
  3006 | D:4      | Killed Menkaure
  3007 | D:4      | Reached skill level 1 in Ranged Weapons
  3007 | D:4      | Reached XP level 7. HP: 11/46 MP: 7/7
  3557 | D:5      | Entered Level 5 of the Dungeon
  3670 | D:5      | Reached skill level 6 in Unarmed Combat
  3670 | D:5      | Reached XP level 8. HP: 54/54 MP: 8/8
  4270 | D:5      | Reached skill level 5 in Shapeshifting
  4399 | D:5      | Identified the ring of the Black Skies {MP+9 EV+5 Int+2}
  4743 | D:5      | HP: 2/81 [poisoned by a gnoll sergeant]
  4745 | D:5      | Slain by a gnoll sergeant

Illustrated notes

Levels and vault maps discovered:
D:1:      mrwooster_arrival_statue_2, layout_loops_ring
D:2:      layout_loops_ring, uniq_terence
D:3:      layout_basic, lightli_temple_of_fire, okawaru_altar_gauntlet_db,
          ebering_ghost_reflecting_pool, nicolae_ecumenical_lake_church
D:4:      layout_cave_pools, nicolae_overflow_hidden_temple,
          grunt_temple_overflow_diamond, minivault_26,
          chequers_serial_rivers_room_b, hex_large, fountainhead, uniq_menkaure
D:5:      layout_cave_pools, gammafunk_temple_overflow_claw, serial_gnoll_camp,
          gnoll_camp_mini_hut, gnoll_camp_mini_sergeant, gnoll_camp_huts_moat,
          gnoll_camp_mini_doghouse, gnoll_camp_mini_hut, gnoll_camp_mini_basic

Skill      XL: |  1  2  3  4  5  6  7  8 |
---------------+-------------------------+-----
Unarmed Combat | 4 5 6 |  6.5
Fighting       | 2 3 4 |  4.0
Dodging        | 3 4 |  4.8
Ranged Weapons | 1 2 3 |  3.2
Shapeshifting  | 4 5 |  5.3

Action                     |  1- 3 |  4- 6 |  7- 9 || total
---------------------------+-------+-------+-------++-------
  Melee: Unarmed           |    55 |    98 |    51 ||   204
         Constrict         |    14 |    18 |     9 ||    41
         Tentacles         |     9 |    14 |    10 ||    33
         Punch             |     1 |     2 |     5 ||     8
   Fire: Sling             |       |    15 |   156 ||   171
  Throw: Dart              |       |     2 |       ||     2
    Use: Potion            |       |       |     2 ||     2
   Stab: Sleeping          |     5 |     2 |     1 ||     8
 Armour: Skin              |     2 |     7 |     5 ||    14
  Dodge: Dodged            |    26 |    55 |    55 ||   136

Table legend: (Time is in decaauts)
 A = Elapsed time spent in this place.
 B = Non-inter-level travel time spent in this place.
 C = Inter-level travel time spent in this place.
 D = Time resting spent in this place.
 E = Time spent auto-exploring this place.
 F = Levels seen in this place.
 G = Mean time per level.
                   A        B        C        D        E       F      G
               +--------+--------+--------+--------+--------+-----+--------+
         Total |   4759 |   4615 |    144 |    530 |   3208 |   5 |  951.8 |
       Dungeon |   4759 |   4615 |    144 |    530 |   3208 |   5 |  951.8 |
               +--------+--------+--------+--------+--------+-----+--------+

Top non-repeatable levels by time:
     D:3: 1265 daAuts
     D:5: 1215 daAuts
     D:4: 830 daAuts
     D:2: 730 daAuts
     D:1: 716 daAuts
